 Dungeon Sprint DCSS version 0.21.1-1-g345015f (webtiles) character file.

75 doot the Skirmisher (level 4, -3/66 HPs)
             Began as a Draconian Berserker on June 7, 2018.
             Was a Follower of Trog.
             Slain by a yaktaur
             ... wielding an uncursed staff of power
              (21 damage)
             ... in the Dungeon (Sprint V: "Ziggurat Sprint").
             The game lasted 00:01:04 (47 turns).

doot the Skirmisher (Draconian Berserker)             Turns: 47, Time: 00:01:05

Health: -3/66      AC:  5    Str: 25    XL:     4   Next: 11%
Magic:  4/4        EV: 14    Int:  7    God:    Trog [*.....]
Gold:   0          SH:  0    Dex: 11    Spells: 3/3 levels left

rFire    + + .     SeeInvis .   M - +7 great mace "Firestarter" {inner flame, rF++}
rCold    . . .     Gourm    .   (shield currently unavailable)
rNeg     . . .     Faith    .   (armour unavailable)
rPois    .         Spirit   .   (helmet restricted)
rElec    .         Reflect  .   (no cloak)
rCorr    .         Harm     .   (no gloves)
MR       .....     NoTele   +   (no boots)
Stlth    ..........             (no amulet)
HPRegen  0.21/turn              (no ring)
MPRegen  0.09/turn              (no ring)

@: berserking, very quick
A: unfitting armour, cold-blooded, AC +5
a: Berserk, Burn Spellbooks, Renounce Religion


You were in the Dungeon.
You worshipped Trog.
Trog was aware of your devotion.
You were not hungry.

You visited 1 branch

Inventory:

Hand Weapons
 a - the +10 dark maul {crush}
   (You found it in the Dungeon)

   It inflicts extra damage upon your enemies.
 b - the +9 heavy crossbow "Sniper" {velocity, Acc+∞ SInv}
   (You found it in the Dungeon)

   Any bolt fired from it inflicts extra damage.
   It lets you see invisible.
 M - the +7 great mace "Firestarter" (weapon) {inner flame, rF++}
   (You found it in the Dungeon)

   It has been specially enchanted to burn those struck by it, causing extra
   injury to most foes and up to half again as much damage against particularly
   susceptible opponents.
   It greatly protects you from fire.
Missiles
 o - 1000 bolts
Armour
 h - a +5 crystal plate armour
 i - +5 fire dragon scales
 j - +5 gold dragon scales
 k - +5 ice dragon scales
 l - a +5 plate armour
 m - +5 shadow dragon scales
 n - +5 storm dragon scales
Jewellery
 D - a +6 ring of dexterity
 E - a +6 ring of dexterity
 F - a +6 ring of intelligence
 G - a +6 ring of intelligence
 H - a +6 ring of strength
 I - a +6 ring of strength
Wands
 y - a wand of disintegration (7)
 B - a wand of iceblast (7)
 C - a wand of acid (7)
Scrolls
 g - 4 scrolls of blinking
 p - 7 scrolls of fog
 q - a scroll of holy word
 r - 5 scrolls of identify
 s - 5 scrolls of remove curse
 t - 2 scrolls of fear
Potions
 c - 10 potions of heal wounds
 d - 6 potions of haste
 e - 7 potions of magic
 f - 3 potions of berserk rage
 u - 2 potions of brilliance
 v - 2 potions of invisibility
 w - 4 potions of resistance
 x - a potion of experience
 z - 5 potions of agility
 A - 5 potions of might
 L - 10 potions of curing
Miscellaneous
 J - a lightning rod (4/4)
Comestibles
 K - 7 rations


   Skills:
 + Level 6.2 Fighting
 * Level 4.0 Maces & Flails
 + Level 5.1 Dodging
 - Level 3.0 Unarmed Combat


You had 3 spell levels left.
You didn't know any spells.

Dungeon Overview and Level Annotations

Branches:
Dungeon (1/1)

Altars:
Ashenzari
Cheibriados
Dithmenos
Elyvilon
Fedhas
Gozag
Hepliaklqana
Kikubaaqudgha
Makhleb
Nemelex Xobeh
Okawaru
Qazlal
Ru
Sif Muna
Trog
Uskayaw
Vehumet
Wu Jian
Xom
Yredelemnul
Zin
The Shining One
Beogh
Jiyva
Lugonu

Annotations:
D 1 transporter


Innate Abilities, Weirdness & Mutations

Your plain brown scales are hard. (AC +5)
You cannot fit into any form of body armour.
You are cold-blooded and may be slowed by cold attacks.


Message History

You bludgeon the centaur!! You burn the centaur.
You kill the centaur!
Trog accepts your kill.
Your Fighting skill gained 3 levels and is now at level 6!
Your Maces & Flails skill gained 4 levels and is now at level 4!
Your Dodging skill gained 3 levels and is now at level 5!
You have reached level 2!
You have reached level 3!
Your experience leads to an increase in your attributes!
Your base attributes are Str 19, Int 7, Dex 10.
Increase (S)trength, (I)ntelligence, or (D)exterity?
You feel agile.
Your scales feel tougher.
You have reached level 4!
You feel stronger. The yaktaur barely misses you.
You bludgeon the yaktaur!! You burn the yaktaur!
The yaktaur is filled with an inner flame.
The yaktaur is severely wounded.
The yaktaur hits you with an uncursed staff of power!!
You die...

▓▓▓▓▓▓▓
▓.8©8.▓
▓.....▓
▓.....▓
▓.c)..▓
▓..@..▓
▓..©..▓
▓▓▓▓▓▓▓


You could see a yaktaur (inner flame).

Vanquished Creatures
  A centaur (D)
1 creature vanquished.

Notes
Turn   | Place    | Note
-------+----------+-------------------------------------------
     0 | D        | Found the +6 Majin-Bo {vamp, Archmagi MP+6 Int+6}
     0 | D        | Found the +7 great mace "Firestarter" {inner flame, rF++}
     0 | D        | doot the Draconian Berserker began the quest for the Orb.
     0 | D        | Reached XP level 1. HP: 19/19 MP: 1/1
     3 | D        | Found a blossoming altar of Fedhas.
     4 | D        | Found a viscous altar of Jiyva.
     4 | D        | Found a hazy altar of Hepliaklqana.
     4 | D        | Found a transporter.
     4 | D        | Found an opulent altar of Gozag.
     4 | D        | Found an ancient bone altar of Kikubaaqudgha.
     4 | D        | Found a corrupted altar of Lugonu.
    11 | D        | Found a burning altar of Makhleb.
    12 | D        | Found a stormy altar of Qazlal.
    12 | D        | Found a sacrificial altar of Ru.
    12 | D        | Found an iron altar of Okawaru.
    12 | D        | Found a deep blue altar of Sif Muna.
    12 | D        | Found a sparkling altar of Nemelex Xobeh.
    12 | D        | Found a bloodstained altar of Trog.
    33 | D        | Found the +9 heavy crossbow "Sniper" {velocity, Acc+∞ SInv}
    33 | D        | Found the +10 dark maul {crush}
    33 | D        | Found the +15 Maxwell's patent armour {-Cast -Tele rElec MR+ rCorr}
    33 | D        | Found the +18 shield of the Gong {rElec rN+ MR+ EV-5}
    33 | D        | Found the cursed +14 obsidian axe {chop, +Fly SInv *Curse}
    35 | D        | Found the +6 shillelagh "Devastator" {shatter}
    35 | D        | Found the +11 plutonium sword {*Contam Stlth-}
    35 | D        | Found the +8 lance "Wyrmbane" {slay drac, rPois rF+ rC+ AC+3}
    35 | D        | Found the +9 sword of Zonguldrok {reap}
    35 | D        | Found the cursed +13 scythe of Curses {drain, *Curse}
    35 | D        | Found the +0 sword of Power
    35 | D        | Found the +10 mace of Variability {chaos}
    35 | D        | Found the +7 Singing Sword
    35 | D        | Found the +7 longbow "Piercer" {penet, EV-2}
    43 | D        | Entered arena 2.
    43 | D        | Noticed a yaktaur
    43 | D        | Noticed a centaur
    43 | D        | Found a transporter.
    46 | D        | Killed a centaur
    46 | D        | Reached skill level 6 in Fighting
    46 | D        | Reached skill level 5 in Dodging
    46 | D        | Reached XP level 2. HP: 12/30 MP: 2/2
    46 | D        | Reached XP level 3. HP: 15/37 MP: 3/3
    46 | D        | Reached XP level 4. HP: 18/44 MP: 4/4
    47 | D        | Slain by a yaktaur

Skill      XL: |  1 |
---------------+----+-----
Fighting       | 6 |  6.2
Maces & Flails | 4 |  4.0
Dodging        | 5 |  5.1
Unarmed Combat | |  3.0

Action                   |  1- 3 |  4- 6 || total
-------------------------+-------+-------++-------
Melee: Great mace        |     1 |     1 ||     2
Invok: Berserk           |     1 |       ||     1
Dodge: Dodged            |     1 |     1 ||     2
